 Dungeon Crawl Stone Soup version 0.32-a0-450-g080537f31e (webtiles) character file.

Game seed: 3736742987369565759

757 Dittersdorf the Shield-Bearer (level 7, 0/44 HPs)
             Began as a Gargoyle Fighter on Feb 23, 2024.
             Was an Initiate of Gozag.
             Slain by an ogre
             ... wielding a +0 giant club
              (16 damage)
             ... on level 6 of the Dungeon.
             The game lasted 00:04:58 (3704 turns).

Dittersdorf the Shield-Bearer (Gargoyle Fighter)    Turns: 3704, Time: 00:04:58

Health: 0/44       AC: 18    Str: 21    XL:     7   Next: 79%
Magic:  7/7        EV:  9    Int:  9    God:    Gozag
Gold:   406        SH:  5    Dex:  9    Spells: 6/6 levels left

rFire   . . .        y - +3 flail (vamp)
rCold   . . .        c - +0 buckler
rNeg    + . .        b - +0 scale mail
rPois   ∞            (no helmet)
rElec   +            o - +1 cloak
rCorr   +            (no gloves)
SInv    .            (no boots)
Will    .....        h - amulet of regeneration Stlth
                     e - +4 ring of protection
HPRegen 1.07/turn    x - ring of resist corrosion
MPRegen 0.10/turn

%: no passive effects
@: no status effects
A: sickness immunity, AC +4, negative energy resistance 1, electricity
resistance, torment resistance 1, petrification resistance
a: Renounce Religion, Potion Petition, Call Merchant, Bribe Branch


You were on level 6 of the Dungeon.
You worshipped Gozag.
Gozag was aware of your devotion.
You visited 1 branch of the dungeon, and saw 6 of its levels.

You collected 463 gold pieces.
You paid 57 gold pieces to Gozag.

Inventory:

Hand Weapons
 y - a +3 vampiric flail (weapon)
Armour
 b - a +0 scale mail (worn)
 c - a +0 buckler (worn)
 o - a +1 cloak (worn)
Jewellery
 e - a +4 ring of protection (left hand)
 h - an amulet of regeneration (around neck)
 i - a ring of positive energy
 k - a ring of protection from fire
 s - a ring of ice
 x - a ring of resist corrosion (right hand)
 z - a ring of magical power
Wands
 p - a wand of digging (3)
Scrolls
 a - 2 scrolls of fear
 f - a scroll of identify
 j - 2 scrolls of revelation
 u - 3 scrolls of teleportation
Potions
 d - a potion of might
 l - a potion of enlightenment
 m - 2 potions of curing
 n - 3 potions of heal wounds


   Skills:
 + Level 5.5 Fighting
 + Level 4.6 Maces & Flails
 + Level 5.6 Armour
 + Level 5.6 Shields


You had 6 spell levels left.
You didn't know any spells.
Your spell library contained the following spells:

 Spells                   Type           Power      Damage    Failure   Level
 Apportation              Tloc           0%         N/A       77%         1
 Necrotise                Necr           0%         1d4       77%         1
 Sting                    Conj/Alch      0%         1d3       77%         1
 Summon Small Mammal      Summ           0%         N/A       77%         1


Dungeon Overview and Level Annotations

Branches:
Dungeon (6/15)             Temple (0/1) D:4

Altars:
Ashenzari
Gozag
Hepliaklqana
Makhleb
Uskayaw
Wu Jian
Zin

Shops:
D:1 (   D:4 *


Innate Abilities, Weirdness & Mutations

You are immune to sickness and miasma.
Your stone body is resilient. (AC +4)
You are immune to poison.
You resist negative energy. (rN+)
You are resistant to electric shocks. (rElec)
You are resistant to unholy torment.
You are immune to petrification.


Message History

The kobold brigand hits you but does no damage.
You block the ogre's attack.
You barely miss the kobold brigand.
The kobold brigand is severely wounded.
The kobold brigand closely misses you.
You completely miss the kobold brigand.
The kobold brigand is severely wounded.
The ogre hits you with a +0 giant club!
The kobold brigand hits you but does no damage.
The shadow imp lashes its tail.
The kobold brigand hits you but does no damage.
You hit the kobold brigand.
You feel better.
The kobold brigand is almost dead.
The ogre hits you with a +0 giant club!
The kobold brigand hits you with a +0 club.
You are too injured to fight recklessly!
You are too injured to fight recklessly!
You are too injured to fight recklessly!
You are too injured to fight recklessly!
You are too injured to fight recklessly!
You are too injured to fight recklessly!
You are too injured to fight recklessly!
You are too injured to fight recklessly!
You are too injured to fight recklessly!
You are too injured to fight recklessly!
You are too injured to fight recklessly!
You are too injured to fight recklessly!
You are too injured to fight recklessly!
The shadow imp shouts, "Escape, thou puny bat-fowling boar-pig!"
The ogre attacks as it pursues you! The ogre barely misses you.
You hit the ogre.
You feel better.
The ogre is lightly wounded.
You hit the ogre.
The ogre is moderately wounded.
The ogre hits you with a +0 giant club!
You sock the ogre!
The ogre is severely wounded.
The ogre hits you with a +0 giant club!
You die...
Your body crumbles into a pile of gold.

####### #.##..##########
#.............. #######
#.##..####...
......####.##..####.#####
................@OK......
#####+####.#...###5K###.#
# #......#.#...........
###......#.#..####..###..
............... ...
....<........... ...#
###......#>#...#. .... #
#.......... . ###+#
...............


You could see a kobold brigand, an ogre, a shadow imp and a kobold.

Vanquished Creatures
  A black bear (D:4)
  An ogre (D:6)
  A scorpion (D:4)
  A howler monkey (D:4)
  A bombardier beetle (D:4)
  A jelly (D:6)
  3 orc priests
  Crazy Yiuf (D:5)
  A sleepcap (D:3)
  Jessica (D:2)
  2 iguanas
  4 gnolls (D:5)
  7 adders
  2 ribbon worms (D:2)
  A dart slug (D:5)
  7 orcs
  3 bats
  7 endoplasms
  5 giant cockroaches
  4 goblins
  7 hobgoblins
  5 jackals
  8 kobolds
  3 quokkas
  14 ball pythons
  6 frilled lizards
  3 rats
100 creatures vanquished.

Notes
Turn   | Place    | Note
-------+----------+-------------------------------------------
     0 | D:1      | Dittersdorf the Gargoyle Fighter began the quest for the
                  | Orb.
     0 | D:1      | Reached XP level 1. HP: 14/14 MP: 1/1
   197 | D:1      | Reached XP level 2. HP: 18/19 MP: 2/2
   316 | D:1      | Found Gojaisid's Antique Weapon Emporium.
   480 | D:1      | Found a faded altar of an unknown god.
   945 | D:2      | Reached XP level 3. HP: 23/23 MP: 3/3
  1361 | D:2      | Noticed Jessica
  1362 | D:2      | You fall into a shaft and drop 1 floor!
  1373 | D:3      | Reached XP level 4. HP: 29/29 MP: 4/4
  1511 | D:2      | Killed Jessica
  2034 | D:3      | Reached XP level 5. HP: 29/33 MP: 5/5
  2390 | D:4      | Found an opulent altar of Gozag.
  2432 | D:4      | Found a hazy altar of Hepliaklqana.
  2456 | D:4      | Became a worshipper of Gozag Ym Sagoz the Greedy
  2512 | D:4      | Reached XP level 6. HP: 23/39 MP: 6/6
  2628 | D:4      | Found an ornate altar of the Wu Jian Council.
  2642 | D:4      | Found a broken altar of Ashenzari.
  2726 | D:4      | Found a staircase to the Ecumenical Temple.
  2730 | D:4      | Noticed a black bear
  2753 | D:4      | Killed a black bear
  2793 | D:4      | Found Xarhum's CLEARANCE SALE!.
  2841 | D:5      | Entered Level 5 of the Dungeon
  2906 | D:5      | Found a hide-covered altar of Uskayaw.
  2914 | D:4      | Reached skill level 5 in Shields
  2925 | D:4      | Reached skill level 5 in Fighting
  2925 | D:4      | Reached skill level 5 in Armour
  2925 | D:4      | Reached XP level 7. HP: 44/44 MP: 7/7
  3060 | D:5      | Found a glowing silver altar of Zin.
  3407 | D:5      | Found a burning altar of Makhleb.
  3407 | D:5      | Noticed a blizzard demon
  3410 | D:5      | Noticed a ynoxinul
  3410 | D:5      | Noticed a neqoxec
  3518 | D:5      | Found a runed translucent door.
  3519 | D:5      | Noticed Crazy Yiuf
  3528 | D:5      | Killed Crazy Yiuf
  3704 | D:6      | Slain by an ogre

Illustrated notes

Levels and vault maps discovered:
D:1:      matt_arrival_spirals, layout_loops_corners, serial_shops,
          shop_fountains, nicolae_ecumenical_lake_church
D:2:      layout_basic, minmay_diced_spiral, uniq_jessica
D:3:      layout_rooms, corexii_hall_statues_i, serial_park_tiny_1,
          kennysheep_cross_room
D:4:      layout_basic, mainiacjoe_overflow_large_starburst,
          kennysheep_mini_moat, lemuel_crystal_altar,
          minmay_temple_entry_stoned_glass, nicolae_shop_clearance
D:5:      layout_rooms, makhleb_altar_promises_db, nicolae_uskayaw_dance_hall,
          zin_academy, uniq_crazy_yiuf_cottage
D:6:      layout_basic, mainiacjoe_overflow_alcove_2, kennysheep_little_box,
          hellmonk_okawaru_the_only_friend_you_need, nicolae_hexahallways

Skill      XL: |  1  2  3  4  5  6 |
---------------+-------------------+-----
Shields        | 4 5 |  5.6
Armour         | 4 5 |  5.6
Fighting       | 4 5 |  5.5
Maces & Flails | 3 4 |  4.6

Action                     |  1- 3 |  4- 6 |  7- 9 || total
---------------------------+-------+-------+-------++-------
  Melee: Flail             |   131 |   232 |    82 ||   445
    Use: Scroll            |       |     6 |     8 ||    14
 Armour: Scale mail        |    92 |   231 |    62 ||   385
  Dodge: Dodged            |    67 |   147 |    36 ||   250
  Block: Buckler           |    39 |    62 |    19 ||   120

Table legend: (Time is in decaauts)
 A = Elapsed time spent in this place.
 B = Non-inter-level travel time spent in this place.
 C = Inter-level travel time spent in this place.
 D = Time resting spent in this place.
 E = Time spent auto-exploring this place.
 F = Levels seen in this place.
 G = Mean time per level.
                   A        B        C        D        E       F      G
               +--------+--------+--------+--------+--------+-----+--------+
         Total |   3836 |   3643 |    193 |    136 |   2420 |   6 |  639.3 |
       Dungeon |   3836 |   3643 |    193 |    136 |   2420 |   6 |  639.3 |
               +--------+--------+--------+--------+--------+-----+--------+

Top non-repeatable levels by time:
     D:1: 952 daAuts
     D:4: 859 daAuts
     D:2: 812 daAuts
     D:5: 558 daAuts
     D:3: 513 daAuts
     D:6: 140 daAuts
